 Dungeon Crawl Stone Soup version 0.25-a0-353-ged6d54792d (webtiles) character file.

Game seed: 16980531791816248581, levelgen mode: deterministic

10025 night the Destroyer (level 11, -2/80 HPs)
             Began as a Demonspawn Fire Elementalist on Jan 2, 2020.
             Was a Believer of Vehumet.
             Slain by a chaos spawn (10 damage)
             ... summoned by an orc sorcerer
             ... on level 10 of the Dungeon.
             The game lasted 00:50:40 (19245 turns).

night the Destroyer (Demonspawn Fire Elementalist) Turns: 19245, Time: 00:50:41

Health: -2/80      AC:  8    Str: 10    XL:     11   Next: 30%
Magic:  21/23      EV: 10    Int: 19    God:    Vehumet [**....]
Gold:   278        SH:  0    Dex: 13    Spells: 17/27 levels left

rFire    . . .     SeeInvis .     - Unarmed
rCold    + . .     Gourm    .   (no shield)
rNeg     . . .     Faith    .   L - +3 leather armour
rPois    .         Spirit   .   (helmet restricted)
rElec    .         Reflect  .   W - +0 cloak
rCorr    .         Harm     .   (gloves unavailable)
MR       .....                  n - +0 pair of boots
Stlth    +.........             (no amulet)
HPRegen  0.23/turn              G - ring of ice
MPRegen  0.18/turn              (no ring)

@: slowed, very heavily drained, very slow
A: antennae 1, claws 3, talons 2, fire resistance 1, powered by pain 1
a: Renounce Religion


You were on level 10 of the Dungeon.
You worshipped Vehumet.
Vehumet was pleased with you.
You were very hungry.

You visited 1 branch of the dungeon, and saw 11 of its levels.

You collected 366 gold pieces.
You spent 88 gold pieces at shops.

Inventory:

Hand Weapons
 e - a +0 short sword
 K - a +1 short sword of flaming
 U - a +0 hand crossbow
Missiles
 l - 49 poisoned darts (quivered)
 o - 175 arrows
 v - 323 stones
 x - 16 javelins
 y - 125 sling bullets
 F - 54 bolts
 M - 10 boomerangs
 N - 3 atropa-tipped darts
Armour
 j - a +0 pair of gloves
 n - a +0 pair of boots (worn)
 L - a +3 leather armour (worn)
 W - a +0 cloak (worn)
Jewellery
 G - a ring of ice (left claw)
 O - a +4 ring of dexterity
 T - an uncursed amulet of rage
 X - an uncursed amulet of the gourmand
Wands
 m - a wand of random effects (19)
 s - a wand of digging (9)
 I - a wand of paralysis (8)
 J - a wand of acid (4)
 Q - a wand of polymorph (6)
 R - a wand of flame (16)
 V - a wand of scattershot (1)
Scrolls
 a - a scroll of fog
 b - 7 scrolls of remove curse
 d - 9 scrolls of identify
 f - 9 scrolls of enchant armour
 h - 2 scrolls of amnesia
 q - a scroll of teleportation
 t - 2 scrolls of magic mapping
 B - 4 scrolls of immolation {unknown}
 D - a scroll of noise {unknown}
 H - 3 scrolls of fear {unknown}
 P - a scroll of silence {unknown}
 S - a scroll of enchant weapon {unknown}
 Y - a scroll of blinking {unknown}
Potions
 g - 3 potions of curing
 i - a potion of invisibility {unknown}
 k - a potion of degeneration {unknown}
 p - 3 potions of heal wounds
 r - 4 potions of mutation
 u - 4 potions of lignification
 w - a potion of brilliance {unknown}
 z - a potion of ambrosia {unknown}
 A - a potion of haste
 C - 2 potions of agility
 E - 2 potions of cancellation {unknown}
Comestibles
 c - 7 rations


   Skills:
 + Level 5.5(1.8) Fighting
 - Level 1.7(0.0) Dodging
 - Level 1.7(0.0) Stealth
 + Level 5.0(1.3) Unarmed Combat
 + Level 8.8(4.7) Spellcasting
 + Level 9.3(5.1) Conjurations
 + Level 9.0(4.8) Fire Magic


You had 17 spell levels left.
You knew the following spells:

 Your Spells              Type           Power        Failure   Level  Hunger
a - Foxfire               Conj/Fire      ###.         2%          1    None
b - Sticky Flame          Conj/Fire      ###.....     22%         4    ####...
c - Fireball              Conj/Fire      ###.......   52%         5    ######.

Your spell library contained the following spells:

 Spells                   Type           Power        Failure   Level  Hunger
 Dazzling Flash           Conj/Hex       ##....       19%         3    ###....
 Conjure Flame            Conj/Fire      ###.....     7%          3    ###....
 Freeze                   Ice            #...         17%         1    None
 Inner Flame              Hex/Fire       ##......     19%         3    ###....
 Ozocubu's Armour         Chrm/Ice       #.......     45%         3    ###....
 Hailstorm                Conj/Ice       ###.....     52%         4    ####...
 Summon Ice Beast         Ice/Summ       #.......     86%         4    ####...


Dungeon Overview and Level Annotations

Branches:
Dungeon (11/15)            Temple (0/1) D:7            Lair (0/6) D:11
    Orc: D:9-12

Altars:
Ashenzari
Dithmenos
Fedhas
Makhleb
Qazlal
Trog
Vehumet
Xom
Yredelemnul
Zin

Shops:
D:6 !   D:8 *   D:10 ?

Annotations:
D:9 Urug
D:11 exclusion: 2 oklob plants


Innate Abilities, Weirdness & Mutations

You have a pair of small antennae on your head.
You have claws for hands.
You have razor-sharp toenails.
Your flesh is heat resistant. (rF+)
You sometimes gain a little power by taking damage.


Message History

Confirm with . or Enter, or press ? or * to list all spells.
Aiming: Sticky Flame (slightly dangerous; 16% risk of failure)
Press: ? - help, Shift-Dir - straight line, f - orc sorcerer
Aim: an orc sorcerer, wielding a -1 dagger and wearing a +2 robe of resistance (moderately wounded, covered in liquid flames)
The sticky flame hits the orc sorcerer.
The orc sorcerer resists.
The orc sorcerer is heavily wounded.
The orc sorcerer is covered in liquid flames!
The orc sorcerer burns!
The chaos spawn hits you!
You feel yourself slow down.
The orc sorcerer hits you with a cursed -1 dagger.
The orc sorcerer burns! x2; The chaos spawn closely misses you.
The orc sorcerer hits you but does no damage.
The orc sorcerer burns!
The orc sorcerer burns! x2; The orc sorcerer stops burning.
The orc sorcerer points at you and mumbles some strange words.
The bolt of negative energy hits the chaos spawn.
The chaos spawn completely resists.
The bolt of negative energy hits you!!
You feel drained.
* * * LOW HITPOINT WARNING * * *
You focus on the pain.
You feel your power returning. The chaos spawn hits you!
You die...

#...............#######...
#.........................
#.........................
##..#+#........######.....#
#...#.#........#....#.....#
#...#.#..#######....#.....#
#...#.####..........#.....#
#...#.......o.......#.....#
#####...#.....@4.>......#.....#
#.......#..)............'.>...#
#.......'..######.......#.....#
#.......#..# #.......#.....#
#.......#..# ##......#....##
#.#####.#..# #......#....#.
#.#...#.#..# #......#....#.
#.#...#.#..#######......#....#.
#.#...'.#...............#....#.


You could see a chaos spawn and an orc sorcerer.

Vanquished Creatures
  Harold (D:10)
  A two-headed ogre (D:10)
  Maurice (D:10)
  A komodo dragon (D:10)
  A troll (D:10)
  Grinder (D:3)
  2 hippogriffs (D:8)
  A vampire (D:9)
  10 yaks
  A wraith (D:10)
  Grum (D:10)
  A steam dragon (D:10)
  A hungry ghost (D:10)
  A water moccasin (D:10)
  2 ice beasts
  6 orc warriors
  2 black bears (D:7)
  A necrophage (D:6)
  4 ogres
  3 phantoms
  An eye of draining (D:8)
  3 wolves
  2 centaurs (D:9)
  2 big kobolds
  3 bullfrogs
  A wyvern skeleton (D:10)
  2 scorpions
  6 wights (D:10)
  10 killer bees
  3 howler monkeys (D:9)
  A crimson imp (D:10)
  2 quasits
  4 jellies
  6 hounds
  A bullfrog skeleton (D:9)
  2 centaur skeletons
  5 orc priests
  8 orc wizards
  Jessica (D:3)
  4 iguanas
  9 worker ants
  An ogre zombie (D:11)
  A hound zombie (D:6)
  2 hound skeletons
  A worker ant zombie (D:5)
  A howler monkey skeleton (D:9)
  8 adders
  2 shadow imps
  An ooze (D:2)
  2 worms
  An adder skeleton (D:9)
  3 dart slugs
  6 leopard geckos
  32 orcs
  2 ball pythons
  2 bats
  6 giant cockroaches
  11 goblins
  7 hobgoblins
  2 jackals (D:2)
  6 quokkas
  8 frilled lizards
  A goblin skeleton (D:11)
  2 goblin zombies (D:11)
  19 kobolds
  A leopard gecko skeleton (D:6)
  5 orc zombies (D:11)
  A quokka zombie (D:7)
  3 rats
255 creatures vanquished.

Vanquished Creatures (others)
  A worm (D:4)
  An orc (D:4)
  A frilled lizard (D:4)
  570 foxfires
573 creatures vanquished.

Grand Total: 828 creatures vanquished

Notes
Turn   | Place    | Note
-------+----------+-------------------------------------------
     0 | D:1      | night the Demonspawn Fire Elementalist began the quest for
                  | the Orb.
     0 | D:1      | Reached XP level 1. HP: 13/13 MP: 3/3
   135 | D:1      | Gained mutation: Your flesh is heat resistant. (rF+)
                  | [demonic ancestry]
   135 | D:1      | Reached XP level 2. HP: 19/19 MP: 0/5
   906 | D:2      | Gained mutation: You have a pair of small antennae on your
                  | head. [demonic ancestry]
   906 | D:2      | Reached XP level 3. HP: 24/24 MP: 4/6
  1952 | D:3      | Noticed Jessica
  1957 | D:3      | Killed Jessica
  1957 | D:3      | Gained mutation: You have sharp toenails. [demonic
                  | ancestry]
  1957 | D:3      | Reached XP level 4. HP: 30/30 MP: 5/8
  2155 | D:3      | Noticed Grinder
  2186 | D:3      | Paralysed by Grinder for 4 turns
  2192 | D:3      | Paralysed by Grinder for 4 turns
  2197 | D:3      | Killed Grinder
  2197 | D:3      | Reached XP level 5. HP: 6/35 MP: 1/10
  2197 | D:3      | Gained mutation: You sometimes gain a little power by
                  | taking damage. [demonic ancestry]
  2197 | D:3      | Reached XP level 6. HP: 7/41 MP: 1/11
  3121 | D:4      | Learned a level 4 spell: Sticky Flame
  3127 | D:4      | Learned a level 5 spell: Fireball
  3621 | D:4      | Found a blossoming altar of Fedhas.
  3622 | D:4      | Found a shimmering altar of Xom.
  3623 | D:4      | Found a bloodstained altar of Trog.
  3724 | D:4      | Found a radiant altar of Vehumet.
  3731 | D:4      | Became a worshipper of Vehumet
  4288 | D:5      | Entered Level 5 of the Dungeon
  4305 | D:4      | Gained mutation: You have sharp fingernails. [demonic
                  | ancestry]
  4305 | D:4      | Reached XP level 7. HP: 36/46 MP: 5/13
  4974 | D:5      | Reached skill level 5 in Fire Magic
  5733 | D:5      | Reached skill level 5 in Spellcasting
  5733 | D:5      | Reached skill level 5 in Conjurations
  6261 | D:6      | Gained mutation: You have razor-sharp toenails. [demonic
                  | ancestry]
  6261 | D:6      | Reached XP level 8. HP: 52/52 MP: 7/16
  6342 | D:6      | Found a shattered altar of Ashenzari.
  6676 | D:6      | Found Kos Heoz's Distillery.
  6684 | D:6      | Bought a potion of heal wounds for 60 gold pieces
  6734 | D:6      | Found a burning altar of Makhleb.
  8013 | D:7      | Reached * piety under Vehumet
  8013 | D:7      | Offered knowledge of Shock by Vehumet.
  8014 | D:7      | HP: 2/50 [orc/+0 short sword (3)]
  8536 | D:7      | Gained mutation: You have very sharp fingernails. [demonic
                  | ancestry]
  8536 | D:7      | Reached XP level 9. HP: 18/55 MP: 1/18
  8881 | D:7      | Found a staircase to the Ecumenical Temple.
  9099 | D:8      | Found Zin's Purification Station.
  9116 | D:8      | Found a glowing silver altar of Zin.
  9971 | D:7      | Reached skill level 1 in Fighting
 10318 | D:8      | Found a shadowy altar of Dithmenos.
 10523 | D:8      | Reached skill level 1 in Unarmed Combat
 11553 | D:9      | Offered knowledge of Searing Ray by Vehumet.
 11556 | D:9      | Reached ** piety under Vehumet
 12163 | D:9      | Reached XP level 10. HP: 57/67 MP: 6/21
 12219 | D:10     | Entered Level 10 of the Dungeon
 12737 | D:10     | Noticed Maurice
 12750 | D:10     | Killed Maurice
 13574 | D:10     | Found Ygownee's Magic Scroll Emporium.
 13587 | D:10     | Bought a scroll of fog for 28 gold pieces
 13593 | D:10     | Noticed Harold
 13615 | D:10     | Killed Harold
 13631 | D:10     | Noticed a two-headed ogre
 13825 | D:10     | Noticed Urug
 14155 | D:10     | Killed a two-headed ogre
 14354 | D:10     | Noticed Grum
 14993 | D:9      | Reached skill level 5 in Fighting
 14993 | D:9      | Gained mutation: You have claws for hands. [demonic
                  | ancestry]
 14993 | D:9      | Reached XP level 11. HP: 67/79 MP: 17/23
 15000 | D:9      | Offered knowledge of Dazzling Flash by Vehumet.
 15538 | D:9      | Found a stormy altar of Qazlal.
 15539 | D:9      | Found a basalt altar of Yredelemnul.
 16678 | D:10     | Killed Grum
 16948 | D:11     | Noticed a brown ugly thing
 17076 | D:11     | Found a staircase to the Lair.
 17076 | D:11     | Noticed an oklob plant
 17076 | D:11     | Noticed an oklob plant
 18360 | D:10     | Reached skill level 5 in Unarmed Combat
 19098 | D:11     | Reached *** piety under Vehumet
 19101 | D:11     | Noticed an orc sorcerer
 19106 | D:11     | Noticed a sixfirhy
 19245 | D:10     | Slain by a chaos spawn

Levels and vault maps discovered:
D:1:      scummos_arrival_simple_crosswalls, layout_loops_cross
D:2:      layout_loops_ring, minmay_misc_feat_chi
D:3:      layout_basic, uniq_grinder, uniq_jessica
D:4:      layout_loops_corners, fiery_altar_vehumet, minitemple
D:5:      layout_rooms, first_ration
D:6:      layout_cave_pools, evilmike_ruin_ashenzari, serial_shops,
          nicolae_shop_trees, makhleb_blood_cavern_becter
D:7:      layout_basic, temple_doors_cd
D:8:      layout_basic, zin_purify, grunt_dithmenos_smoke
D:9:      layout_layer_cave, gammafunk_temple_overflow_pools
D:10:     layout_irregular_city, serial_shops, nicolae_shop_statue_plus,
          uniq_urug, uniq_grum, uniq_maurice, uniq_harold
D:11:     layout_cave_pods, dpeg_oklobed_lair, zombieorc2_lemuel

Skill      XL: |  1  2  3  4  5  6  7  8  9 10 11 |
---------------+----------------------------------+-----
Fire Magic     | 3 4 5 6 7 8 9 |  9.0
Conjurations   | 2 3 4 5 6 7 9 |  9.3
Spellcasting   | 3 4 5 6 7 8 |  8.8
Fighting       | 2 5 |  5.5
Unarmed Combat | 2 4 5 |  5.0
Dodging        | |  1.7
Stealth        | |  1.7

Action                   |  1- 3 |  4- 6 |  7- 9 | 10-12 || total
-------------------------+-------+-------+-------+-------++-------
Melee: Short sword       |    42 |    15 |   147 |       ||   204
       Unarmed           |       |       |   218 |   200 ||   418
       Punch             |       |       |     1 |     4 ||     5
Throw: Dart              |       |       |     1 |     8 ||     9
 Cast: Foxfire           |    43 |    72 |   170 |    58 ||   343
       Sticky Flame      |       |     1 |    34 |    37 ||    72
       Fireball          |       |       |     9 |    23 ||    32
Evoke: Wand              |       |       |     1 |     2 ||     3
  Use: Scroll            |       |       |     8 |     4 ||    12
       Potion            |       |       |       |     3 ||     3
 Stab: Sleeping          |     2 |       |     2 |       ||     4
       Distracted        |       |       |     1 |       ||     1
       Paralysed         |       |       |       |     7 ||     7
  Eat: Chunk             |     4 |     7 |    25 |    16 ||    52
       Ration            |       |       |     2 |     5 ||     7
Armor: Robe              |    22 |    20 |    74 |       ||   116
       Leather armour    |       |       |   124 |   168 ||   292
Dodge: Dodged            |    53 |    59 |   367 |   282 ||   761

Table legend:
 A = Non-vault XP
 B = Vault XP
 C = Vault XP percentage of total XP
 D = Non-vault monster count
 E = Vault monster count
 F = Vault count percentage of total count
                 A         B        C        D         E       F
            +---------+---------+-------+---------+---------+-------
      Total |   11754 |    2568 |  17.9 |     235 |      20 |   7.8
            +---------+---------+-------+---------+---------+-------
        D:1 |      31 |       0 |   0.0 |      18 |       0 |   0.0
        D:2 |      45 |       0 |   0.0 |      15 |       0 |   0.0
        D:3 |      53 |     304 |  85.2 |      21 |       2 |   8.7
        D:4 |     322 |       0 |   0.0 |       9 |       0 |   0.0
        D:5 |     534 |       0 |   0.0 |      16 |       0 |   0.0
        D:6 |     557 |     145 |  20.7 |      17 |       2 |  10.5
        D:7 |    1335 |       0 |   0.0 |      30 |       0 |   0.0
        D:8 |    1077 |       0 |   0.0 |      21 |       0 |   0.0
        D:9 |    2906 |     119 |   3.9 |      50 |       1 |   2.0
       D:10 |    4894 |    1966 |  28.7 |      38 |       6 |  13.6
       D:11 |       0 |      34 | 100.0 |       0 |       9 | 100.0
            +---------+---------+-------+---------+---------+-------
